 Dungeon Crawl Stone Soup version 0.26-a0-540-g8a0c9464d7 (webtiles) character file.

Game seed: 3992118537014730343

613 kobby the Chopper (level 7, -7/54 HPs)
             Began as a Human Fighter on Aug 24, 2020.
             Was an Initiate of Okawaru.
             Drowned by a water elemental (8 damage)
             ... on level 1 of the Abyss.
             The game lasted 00:11:01 (4072 turns).

kobby the Chopper (Human Fighter)                   Turns: 4072, Time: 00:11:02

Health: -7/54      AC:  6    Str: 18    XL:     7   Next: 73%
Magic:  7/7        EV:  9    Int: 12    God:    Okawaru [......]
Gold:   72         SH: 11    Dex: 13    Spells: 6/6 levels left

rFire    . . .     SeeInvis .   a - +1 war axe
rCold    + . .     Faith    .   c - +2 kite shield
rNeg     . . .     Spirit   .   t - +1 ring mail of Zin's Benevolence {Int+4}
rPois    .         Reflect  .   (no helmet)
rElec    .         Harm     .   (no cloak)
rCorr    .                      (no gloves)
MR       .....                  (no boots)
Stlth    +.........             (no amulet)
HPRegen  0.18/turn              n - ring of protection from cold
MPRegen  0.10/turn              (no ring)

@: about to teleport, engulfed (cannot breathe), flying
A: no striking features
a: Renounce Religion


You were on level 1 of the Abyss.
You worshipped Okawaru.
Okawaru was noncommittal.
You visited 2 branches of the dungeon, and saw 6 of its levels.
You visited the Abyss 1 time.

You collected 324 gold pieces.
You spent 252 gold pieces at shops.

Inventory:

Hand Weapons
 a - a +1 war axe (weapon)
Armour
 b - a +0 scale mail
 c - a +2 kite shield (worn)
 f - a +0 cloak
 t - the +1 ring mail of Zin's Benevolence (worn) {Int+4}
   (You bought it in a shop on level 5 of the Dungeon)

   It affects your intelligence (+4).
Jewellery
 n - a ring of protection from cold (left hand)
Wands
 j - a wand of polymorph (6)
Scrolls
 h - 4 scrolls of enchant weapon
 i - 4 scrolls of remove curse
 l - 3 scrolls of identify
 p - a scroll of enchant armour
 q - a scroll of random uselessness {unknown}
 r - a scroll of amnesia {unknown}
Potions
 e - a potion of brilliance {unknown}
 s - a potion of haste {unknown}


   Skills:
 + Level 4.2 Fighting
 + Level 5.2 Axes
 + Level 4.1 Armour
 + Level 1.8 Dodging
 + Level 0.7 Stealth
 + Level 4.6 Shields


You had 6 spell levels left.
You didn't know any spells.
Your spell library was empty.

Dungeon Overview and Level Annotations

Branches:
Dungeon (5/15)             Temple (1/1) D:5

Altars:
Cheibriados
Dithmenos
Elyvilon
Gozag
Kikubaaqudgha
Nemelex Xobeh
Okawaru
Qazlal
Ru
Uskayaw
Vehumet
Wu Jian
Yredelemnul
The Shining One

Shops:
D:5 [


Message History

* * * LOW HITPOINT WARNING * * *
Your lungs strain for air!
You block the small abomination's attack.
You block the water elemental's attack.
You feel better.
* * * LOW HITPOINT WARNING * * *
Your lungs strain for air!
The small abomination hits you but does no damage.
You block the water elemental's attack.
You cannot read scrolls while unable to breathe!
It was a potion of magic.
Magic courses through your body.
* * * LOW HITPOINT WARNING * * *
Your lungs strain for air!
The small abomination barely misses you.
You block the water elemental's attack.
You cannot read scrolls while unable to breathe!
It was a potion of flight.
You feel very buoyant.
You fly up into the air.
You die...

. ... .. #. ####
### . ####..#####
.. .. # ###.#.#.##
ยง. ###. #.
..:#.#.# . ...#
##..####.##[#
####......#.....#.#
# . ..#.# ###.xE.#
## .# ####.####@# #
............ ### ##
. ... ....x. #
.#... ##..
###....... .. ...
$.# ...>.## . .##
.. #


You could see a water elemental and a small abomination.

Vanquished Creatures
  Sigmund (D:2)
  An ice beast (D:3)
  A quasit (D:2)
  A hound (D:4)
  A bullfrog skeleton (D:5)
  Natasha (twice) (D:2)
  9 gnolls
  4 adders
  An adder skeleton (D:4)
  3 worms
  2 dart slugs (D:2)
  2 leopard geckos
  7 orcs
  2 ball pythons
  2 giant cockroaches
  6 goblins
  5 hobgoblins
  2 jackals (D:1)
  16 kobolds
  2 quokkas
  7 bats
  3 frilled lizards
  A giant cockroach zombie (D:5)
  A leopard gecko skeleton (D:4)
  A quokka skeleton (D:5)
  9 rats
92 creatures vanquished.

Notes
Turn   | Place    | Note
-------+----------+-------------------------------------------
     0 | D:1      | kobby the Human Fighter began the quest for the Orb.
     0 | D:1      | Reached XP level 1. HP: 18/18 MP: 1/1
    33 | D:1      | Reached XP level 2. HP: 21/24 MP: 2/2
   417 | D:1      | Reached XP level 3. HP: 29/29 MP: 3/3
   875 | D:2      | Reached XP level 4. HP: 10/35 MP: 4/4
  1144 | D:2      | Noticed Sigmund
  1192 | D:2      | Killed Sigmund
  1192 | D:2      | Reached skill level 3 in Axes
  1192 | D:2      | Reached skill level 1 in Dodging
  1192 | D:2      | Reached XP level 5. HP: 18/42 MP: 5/5
  1192 | D:2      | Reached XP level 6. HP: 21/48 MP: 6/6
  1452 | D:2      | Noticed Natasha
  1462 | D:2      | Killed Natasha
  1462 | D:2      | Reached skill level 4 in Axes
  2009 | D:2      | Noticed Natasha
  2018 | D:2      | Killed Natasha
  2153 | D:3      | Noticed an ice beast
  2161 | D:3      | Killed an ice beast
  2161 | D:3      | Reached XP level 7. HP: 32/54 MP: 7/7
  2505 | D:3      | Found a radiant altar of Vehumet.
  2505 | D:3      | Found a sparkling altar of Nemelex Xobeh.
  2512 | D:3      | Found a snail-covered altar of Cheibriados.
  2514 | D:3      | Found a shadowy altar of Dithmenos.
  2516 | D:3      | Found an ornate altar of the Wu Jian Council.
  2728 | D:3      | Found a glowing golden altar of the Shining One.
  3520 | D:5      | Entered Level 5 of the Dungeon
  3520 | D:5      | Found a staircase to the Ecumenical Temple.
  3529 | Temple   | Entered the Ecumenical Temple
  3564 | Temple   | Became a worshipper of Warmaster Okawaru
  3784 | D:5      | Reached skill level 5 in Axes
  3853 | D:5      | Found Vaaree Inoyh's Antique Armour Shop.
  3861 | D:5      | Bought a twisted ring mail for 252 gold pieces
  3861 | D:5      | Identified the +1 ring mail of Zin's Benevolence {Int+4}
                  | (You bought it in a shop on level 5 of the Dungeon)
  4021 | D:5      | Cast into level 1 of the Abyss (gnoll)
  4029 | Abyss:1  | Found a corrupted altar of Lugonu.
  4043 | Abyss:1  | Noticed a water elemental
  4054 | Abyss:1  | Noticed a small abomination
  4055 | Abyss:1  | Noticed a small abomination
  4071 | Abyss:1  | HP: 1/54 [drowned by a water elemental (7)]
  4072 | Abyss:1  | Drowned by a water elemental

Illustrated notes

Levels and vault maps discovered:
D:1:      shiori_arrival_maze, layout_rooms, nrook_mini_backslash
D:2:      lemuel_upstairs_altar, layout_rooms, chequers_serial_rivers_micro_a,
          minmay_pentomino_p2, uniq_natasha, uniq_sigmund
D:3:      layout_rooms, chequers_temple_overflow_minitemple, tso_metal_star,
          patterned_corridor
D:4:      layout_cave_pools, minmay_goblin_kobold_house
D:5:      layout_loops_ring, minmay_temple_entry_tees, serial_shops, shop
Temple:   eino_temple_scatter_basement
Abyss:1:  base:
D:10

Skill      XL: |  1  2  3  4  5  6  7 |
---------------+----------------------+-----
Axes           | 3 4 5 |  5.2
Dodging        | 1 |  1.8
Shields        | 4 |  4.6
Fighting       | 4 |  4.2
Armour         | 4 |  4.1
Stealth        | |  0.7

Action                   |  1- 3 |  4- 6 |  7- 9 || total
-------------------------+-------+-------+-------++-------
Melee: War axe           |    86 |    93 |   122 ||   301
  Use: Potion            |       |     6 |     6 ||    12
       Scroll            |       |     3 |     6 ||     9
Armor: Scale mail        |    48 |    55 |    47 ||   150
       Skin              |       |     3 |       ||     3
       Ring mail         |       |       |     5 ||     5
Dodge: Dodged            |    31 |    30 |    49 ||   110
Block: Kite shield       |    53 |    56 |    89 ||   198

Table legend: (Time is in decaauts)
 A = Elapsed time spent in this place.
 B = Non-inter-level travel time spent in this place.
 C = Inter-level travel time spent in this place.
 D = Time resting spent in this place.
 E = Time spent auto-exploring this place.
 F = Levels seen in this place.
 G = Mean time per level.
                   A        B        C        D        E       F      G
               +--------+--------+--------+--------+--------+-----+--------+
         Total |   4185 |   4185 |      0 |    831 |   2354 |   7 |  597.9 |
       Dungeon |   4072 |   4072 |      0 |    831 |   2308 |   5 |  814.4 |
        Temple |     61 |     61 |      0 |      0 |     27 |   1 |   61.0 |
         Abyss |     51 |     51 |      0 |      0 |     19 |   1 |   51.0 |
               +--------+--------+--------+--------+--------+-----+--------+

Top non-repeatable levels by time:
     D:2: 1390 daAuts
     D:1: 772 daAuts
     D:3: 747 daAuts
     D:4: 713 daAuts
     D:5: 448 daAuts
  Temple: 61 daAuts
 Abyss:1: 51 daAuts
